 Dungeon Crawl Stone Soup version 0.28.0-43-g3370ac3207 (webtiles) character file.

Game seed: 6476126759621137997

7 sking99 the Magician (level 2, 11/17 HPs)
             Began as an Octopode Hedge Wizard on Mar 17, 2022.
             Quit the game on level 1 of the Dungeon.
             The game lasted 00:01:09 (672 turns).

sking99 the Magician (Octopode Hedge Wizard)         Turns: 672, Time: 00:01:10

Health: 11/17      AC:  1    Str:  9    XL:     2   Next: 4%
Magic:  3/6        EV: 13    Int: 16    God:
Gold:   0          SH:  0    Dex: 11    Spells: 6/7 levels left

rFire   . . .      SeeInvis .   c - staff of conjuration
rCold   . . .      Faith    .   (no shield)
rNeg    . . .      Spirit   .   b - +0 hat
rPois   .          Reflect  .   (no amulet)
rElec   .          Harm     .   (no ring)
rCorr   .          Rampage  .   (no ring)
Will    .....                   (no ring)
Stlth   +++.......              (no ring)
HPRegen 0.05/turn               (no ring)
MPRegen 0.10/turn               (no ring)
                                (no ring)
                                (no ring)

@: no status effects
A: almost no armour, amphibious, 8 rings, camouflage 1, gelatinous body 1,
(nimble swimmer 1), tentacles
a: no special abilities


You were on level 1 of the Dungeon.
You visited 1 branch of the dungeon, and saw 1 of its levels.

Inventory:

Hand Weapons
 a - a +0 dagger
Armour
 b - a +0 hat (worn)
Magical Staves
 c - a staff of conjuration (weapon)


   Skills:
 - Level 2.0 Dodging
 - Level 2.6 Stealth
 + Level 3.1 Spellcasting
 + Level 1.3 Conjurations
 + Level 1.2 Summonings
 + Level 1.2 Translocations


You had 6 spell levels left.
You knew the following spells:

 Your Spells              Type           Power      Damage    Failure   Level
a - Magic Dart            Conj           36%        1d4       11%         1

Your spell library contained the following spells:

 Spells                   Type           Power      Damage    Failure   Level
 Blink                    Tloc           12%        N/A       17%         2
 Call Imp                 Summ           6%         N/A       17%         2
 Slow                     Hex            8%         N/A       19%         1
 Conjure Flame            Conj/Fire      6%         6-21      38%         3
 Mephitic Cloud           Conj/Pois/Air  5%         N/A       43%         3


Dungeon Overview and Level Annotations

Branches:
Dungeon (1/15)

Altars:


Innate Abilities, Weirdness & Mutations

You cannot wear most types of armour.
You are amphibious.
You can wear up to eight rings at the same time.
Your skin changes colour to match your surroundings (Stealth+).
Your rubbery body absorbs attacks. (AC +1, EV +1)
((You are camouflaged when in or above water. (Stealth+)))
You have tentacles for arms and can constrict up to eight enemies at once.


Message History

You constrict the hobgoblin, but do no damage.
The hobgoblin hits you. x2
* * * LOW HITPOINT WARNING * * *
You hit the hobgoblin. You tentacle-slap the hobgoblin.
You kill the hobgoblin!
You start resting.
Your magical contamination has completely faded away.
You start resting.
Magic restored.
You start resting.
HP restored.
A dart slug comes into view.
Found 13 gold pieces.
Casting: Magic Dart (safe; 12% risk of failure)
Confirm with . or Enter, or press ? or * to list all spells.
Aiming: Magic Dart (safe; 12% risk of failure)
Press: ? - help, Shift-Dir - straight line, f - dart slug
Aim: a dart slug (100% to hit)
You feel a surge of power!
The magic dart hits the dart slug.
The dart slug is moderately wounded.
The dart slug launches a dart at you. The slug dart hits you.
Casting: Magic Dart (safe; 12% risk of failure)
Confirm with . or Enter, or press ? or * to list all spells.
Aiming: Magic Dart (safe; 12% risk of failure)
Press: ? - help, Shift-Dir - straight line, f/p - dart slug
Aim: a dart slug (moderately wounded, 100% to hit)
You feel a surge of power!
The magic dart hits the dart slug but does no damage.
The dart slug is moderately wounded.
The dart slug launches a dart at you. The slug dart misses you.
You hit the dart slug but do no damage. You grab the dart slug.
You squeeze the dart slug.
The dart slug is almost dead.
You constrict the dart slug. The dart slug completely misses you.
You hit the dart slug.
You kill the dart slug!
You have reached level 2!
Are you sure you want to abandon this character and quit the game? (Confirm with "yes".)

.## #.# .... ## #.#
...# #.######## ...##
#........# ....#
#####.######.# ....#
.......#####.####....#
######...............#
......######.###.....#
##...........# #@...##
.#.##.####...# #....#
##.##........# #....#
...##........# #....#
.............# #....#
#####........# #.$..#
########## ##....
.....


There were no monsters in sight!

Vanquished Creatures
  A dart slug (D:1)
  A ball python (D:1)
  2 hobgoblins (D:1)
  A frilled lizard (D:1)
5 creatures vanquished.

Notes
Turn   | Place    | Note
-------+----------+-------------------------------------------
     0 | D:1      | sking99 the Octopode Hedge Wizard began the quest for the
                  | Orb.
     0 | D:1      | Reached XP level 1. HP: 11/11 MP: 4/4
   672 | D:1      | Reached XP level 2. HP: 11/17 MP: 3/6
   672 | D:1      | Quit the game

Illustrated notes

Levels and vault maps discovered:
D:1:      minmay_arrival_split_and_join, layout_basic,
          chequers_ecumenical_altar_simple

Action                   || total
-------------------------++-------
Melee: Staff             ||     5
       Constrict         ||     2
       Tentacles         ||     2
       Punch             ||     1
 Cast: Magic Dart        ||    15
Dodge: Dodged            ||     5
